 Dungeon Crawl Stone Soup version 0.30.0-29-ga12c61a403 (webtiles) character file.

Game seed: 12257452241363104484

4454 Peloso the Carver (level 10, -6/88 HPs)
             Began as a Minotaur Fighter on June 15, 2023.
             Was a Believer of Okawaru.
             Mangled by a killer bee (7 damage)
             ... on level 9 of the Dungeon.
             The game lasted 00:17:22 (7483 turns).

Peloso the Carver (Minotaur Fighter)                Turns: 7483, Time: 00:17:22

Health: -6/88      AC: 19    Str: 25    XL:     10   Next: 15%
Magic:  1/3        EV:  8    Int:  5    God:    Okawaru [**....]
Gold:   230        SH:  5    Dex: 13    Spells: 9/9 levels left

rFire   + . .        a - +3 long sword of the Magic Mushroom {antimagic, Str+3}
rCold   . . .        d - +0 buckler
rNeg    . . .        y - +0 plate armour
rPois   .            (helmet restricted)
rElec   .            (no cloak)
rCorr   .            (no gloves)
SInv    .            u - +0 pair of boots
Will    .....        (no amulet) Stlth
                     B - +4 ring of protection
HPRegen 0.34/turn    p - ring of protection from fire
MPRegen 0.08/turn

%: no passive effects
@: no status effects
A: horns 2, retaliatory headbutt
a: Renounce Religion, Heroism


You were on level 9 of the Dungeon.
You worshipped Okawaru.
Okawaru was pleased with you.
You visited 1 branch of the dungeon, and saw 9 of its levels.

You collected 475 gold pieces.
You spent 245 gold pieces at shops.

Inventory:

Hand Weapons
 a - the +3 long sword of the Magic Mushroom (weapon) {antimagic, Str+3}
   (You bought it in a shop on level 3 of the Dungeon)

   Str:       It affects your strength (+3).
 b - a +0 long sword
 c - a +0 whip of flaming
Armour
 d - a +0 buckler (worn)
 l - a +0 scale mail
 u - a +0 pair of boots (worn)
 y - a +0 plate armour (worn)
 H - a +0 pair of gloves
Jewellery
 p - a ring of protection from fire (right hand)
 s - a +6 ring of intelligence
 B - a +4 ring of protection (left hand)
 F - a +4 ring of protection
Wands
 A - a wand of quicksilver (6)
 C - a wand of polymorph (7)
 E - a wand of charming (9)
 I - a wand of flame (24)
Scrolls
 g - 5 scrolls of amnesia {unknown}
 h - 15 scrolls of identify
 i - 2 scrolls of noise {unknown}
 j - 5 scrolls of fear {unknown}
 k - 3 scrolls of blinking {unknown}
 n - 3 scrolls of immolation {unknown}
 q - a scroll of poison {unknown}
 v - a scroll of brand weapon {unknown}
 w - 2 scrolls of enchant weapon {unknown}
 x - a scroll of acquirement {unknown}
 z - 2 scrolls of vulnerability {unknown}
 K - 2 scrolls of teleportation {unknown}
 L - 2 scrolls of enchant armour {unknown}
Potions
 e - 2 potions of resistance {unknown}
 f - a potion of heal wounds {unknown}
 m - 3 potions of might
 o - 5 potions of curing
 r - a potion of cancellation {unknown}
 t - a potion of mutation {unknown}
 D - a potion of degeneration {unknown}
 G - 2 potions of brilliance {unknown}
 J - 2 potions of lignification {unknown}
 M - a potion of flight {unknown}


   Skills:
 + Level 8.0 Fighting
 + Level 12.3 Long Blades
 + Level 9.1 Armour
 + Level 3.0 Dodging
 + Level 1.2 Stealth
 + Level 6.7 Shields


You had 9 spell levels left.
You didn't know any spells.
Your spell library contained the following spells:

 Spells                   Type           Power      Damage    Failure   Level
 Apportation              Tloc           0%         N/A       100%        1
 Ozocubu's Armour         Ice            0%         N/A       100%        3
 Stone Arrow              Conj/Erth      0%         3d7       100%        3
 Fireball                 Conj/Fire      0%         3d3       100%        5
 Iskenderun's Battlesphe  Conj           0%         2d6       100%        5
 Conjure Ball Lightning   Conj/Air       0%         3x3d6     100%        6
 Orb of Destruction       Conj           0%         9d5       100%        7
 Ozocubu's Refrigeration  Ice            0%         4d7       100%        7
 Lehudib's Crystal Spear  Conj/Erth      0%         10d2      100%        8
 Animate Armour           Summ/Erth      Unusable   N/A       N/A         4

Dungeon Overview and Level Annotations

Branches:
Dungeon (9/15)             Temple (0/1) D:6
   Lair: D:8-11         Orc: D:9-12

Altars:
Ashenzari
Okawaru
Trog
Vehumet
Zin
The Shining One

Shops:
D:1 *   D:2 ![!=*   D:3 ![=:(   D:5 (

Annotations:
D:6 2 runed translucent doors, Sensen's ghost, novice SpEn
D:7 4 runed translucent doors, Crazy Yiuf; klichko's ghost, novice DjHW
D:8 6 transporters
D:9 Joseph


Innate Abilities, Weirdness & Mutations

You have a pair of horns on your head.
You reflexively headbutt those who attack you in melee.


Message History

You hit the killer bee but do no damage.
The killer bee is severely wounded.
You feel sick.
The killer bee stings you but does no damage. x2
You miss the killer bee. Your headbutt misses the killer bee.
The killer bee is severely wounded.
The killer bee barely misses you. Joseph hits you but does no damage.
You slash Joseph! Your headbutt misses Joseph.
Joseph is lightly wounded.
You feel sick.
The killer bee stings you but does no damage.
The killer bee stings you. Joseph barely misses you. You furiously retaliate!
You headbutt Joseph! You hit Joseph but do no damage. You headbutt Joseph.
Joseph is moderately wounded.
You feel sick. The killer bee barely misses you.
You hit Joseph. You headbutt Joseph!
Joseph is heavily wounded.
You block the killer bee's attack. Joseph hits you with a +0 quarterstaff!
* * * LOW HITPOINT WARNING * * *
You completely miss Joseph.
Joseph is heavily wounded.
You feel sick. You block the killer bee's attack. The killer bee stings you.
* * * LOW HITPOINT WARNING * * *
Joseph hits you but does no damage.
You closely miss Joseph.
Joseph is heavily wounded.
You feel sick. The killer bee completely misses you.
Unknown command.
You hit Joseph.
Joseph is severely wounded.
You feel like a meek peon again.
You feel sick.
You are no longer poisoned.
The killer bee stings you.
* * * LOW HITPOINT WARNING * * *
Joseph hits you with a +0 quarterstaff!
* * * LOW HITPOINT WARNING * * *
The killer bee stings you!
You die...

.. ##.#.. .....
#..##..... .#...#
....... .. #.[#.##
.......##.#.......
#...#..........#
#.......##.#..#
#......#...#...
#..y@...$.#
#..@#...#.#
#...##.##...
#?........#.#
#..#....##..#
#..###..... #
#..###.####
#........#
#.....##.###########
#####.# ............


You could see Joseph and a killer bee.

Vanquished Creatures
  Erolcha (D:9)
  Pikel (D:3)
  Grinder (D:5)
  A wyvern (D:9)
  Eustachio (D:5)
  3 yaks (D:7)
  Menkaure (D:4)
  A water moccasin (D:6)
  An orc warrior (D:8)
  2 sky beasts (D:7)
  3 black bears
  2 ogres (D:5)
  3 lemures (D:3)
  2 phantoms
  A kobold brigand (D:9)
  A bullfrog (D:8)
  A scorpion (D:4)
  3 wights (D:8)
  10 killer bees
  A howler monkey (D:9)
  2 hounds
  2 orc priests
  A jelly (D:6)
  An iguana (D:6)
  4 orc wizards
  2 sleepcaps
  Robin (D:2)
  3 gnolls (D:2)
  8 adders
  A shadow imp (D:6)
  A white imp (D:8)
  An ufetubus (D:5)
  3 worms
  3 dart slugs
  26 orcs
  5 endoplasms
  4 giant cockroaches
  16 goblins
  4 hobgoblins
  5 quokkas
  4 ball pythons
  6 bats
  2 frilled lizards (D:2)
  11 kobolds
  2 rats
158 creatures vanquished.

Vanquished Creatures (others)
  A wizard (D:6)
  A giant cockroach (D:2)
2 creatures vanquished.

Grand Total: 160 creatures vanquished

Notes
Turn   | Place    | Note
-------+----------+-------------------------------------------
     0 | D:1      | Peloso the Minotaur Fighter began the quest for the Orb.
     0 | D:1      | Reached XP level 1. HP: 19/19 MP: 0/0
   355 | D:1      | Reached XP level 2. HP: 27/27 MP: 1/1
   392 | D:1      | Found Ofamoc's General Store.
   737 | D:2      | Found a faded altar of an unknown god.
   740 | D:2      | Got Plato's Papyrus of Correspondence
   745 | D:2      | Noticed Robin
   758 | D:2      | Reached XP level 3. HP: 31/33 MP: 2/2
   778 | D:2      | Killed Robin
   827 | D:2      | Found Luzeast's General Store.
   830 | D:2      | Found Faebasap's Jewellery Boutique.
   871 | D:1      | Reached skill level 3 in Long Blades
   875 | D:1      | Reached XP level 4. HP: 27/41 MP: 3/3
  1014 | D:2      | Bought a scroll of identify for 24 gold pieces
  1037 | D:2      | Found Cygeq's Distillery.
  1060 | D:2      | Found Qijuch's Armour Shop.
  1116 | D:2      | Found Sihow's Distillery.
  1423 | D:3      | Found Taexkoedyu's Antique Armour Boutique.
  1560 | D:3      | Found Suiphyips's Book Emporium.
  1625 | D:3      | Found Eskal's Antique Weapon Emporium.
  1655 | D:3      | Found Taokiffo's Jewellery Boutique.
  1720 | D:3      | Reached skill level 4 in Long Blades
  1770 | D:3      | Found a radiant altar of Vehumet.
  1801 | D:3      | Found Vitum's Distillery.
  2010 | D:4      | Noticed Pikel
  2010 | D:4      | Noticed a lemure
  2010 | D:4      | Noticed a lemure
  2010 | D:4      | Noticed a lemure
  2010 | D:4      | Noticed a lemure
  2046 | D:3      | Killed a lemure
  2052 | D:3      | Killed a lemure
  2127 | D:3      | Killed a lemure
  2143 | D:3      | Killed Pikel
  2144 | D:3      | Reached skill level 5 in Fighting
  2144 | D:3      | Reached skill level 5 in Long Blades
  2144 | D:3      | Reached skill level 5 in Armour
  2144 | D:3      | Reached skill level 5 in Shields
  2144 | D:3      | Reached XP level 5. HP: 12/48 MP: 4/4
  2144 | D:3      | Reached XP level 6. HP: 14/56 MP: 5/5
  2144 | D:3      | Reached XP level 7. HP: 15/61 MP: 6/6
  2365 | D:4      | Reached skill level 6 in Long Blades
  2389 | D:4      | Noticed Menkaure
  2395 | D:4      | Killed Menkaure
  2922 | D:4      | Found a glowing golden altar of the Shining One.
  2950 | D:4      | Reached skill level 7 in Long Blades
  3501 | D:3      | Bought a fine long sword for 221 gold pieces
  3501 | D:3      | Identified the +3 long sword of the Magic Mushroom
                  | {antimagic, Str+3} (You bought it in a shop on level 3 of
                  | the Dungeon)
  3576 | D:5      | Entered Level 5 of the Dungeon
  3699 | D:5      | Reached XP level 8. HP: 41/69 MP: 2/7
  3793 | D:5      | Found Wamnuan's Hydra Hut.
  3794 | D:5      | Noticed an eight-headed hydra
  3854 | D:5      | Noticed Eustachio
  3879 | D:5      | Killed Eustachio
  3937 | D:5      | Noticed Grinder
  3943 | D:5      | Paralysed by Grinder for 2 turns
  3956 | D:5      | Killed Grinder
  3957 | D:5      | Reached skill level 8 in Long Blades
  4355 | D:5      | Reached skill level 1 in Stealth
  4528 | D:6      | Found a large runed translucent door.
  4528 | D:6      | Found a large runed translucent door.
  4839 | D:6      | Found an iron altar of Okawaru.
  4840 | D:6      | Found a glowing silver altar of Zin.
  5023 | D:6      | Became a worshipper of Warmaster Okawaru
  5061 | D:6      | Found a staircase to the Ecumenical Temple.
  5178 | D:6      | Reached skill level 9 in Long Blades
  5199 | D:6      | Found a bloodstained altar of Trog.
  5202 | D:6      | Noticed a wizard
  5208 | D:6      | Killed a wizard
  5290 | D:6      | Noticed Sensen's ghost (novice SpEn)
  5440 | D:7      | Found a runed translucent gate.
  5440 | D:7      | Found a runed translucent gate.
  5454 | D:7      | Found a runed translucent gate.
  5484 | D:7      | Reached XP level 9. HP: 69/78 MP: 2/8
  5582 | D:7      | Found a runed translucent door.
  5583 | D:7      | Noticed Crazy Yiuf
  5807 | D:7      | Reached * piety under Okawaru
  5808 | D:7      | Reached skill level 10 in Long Blades
  5939 | D:7      | Noticed klichko's ghost (novice DjHW)
  5986 | D:7      | Identified the +4 falchion "Kyxkiu" {freeze, SInv}
  6486 | D:8      | Noticed a manticore
  6487 | D:8      | Found a transporter.
  6490 | D:8      | Noticed a troll
  6589 | D:8      | Reached skill level 11 in Long Blades
  6640 | D:8      | Noticed a seven-headed hydra
  6642 | D:8      | Found a transporter.
  6661 | D:8      | Found a broken altar of Ashenzari.
  6848 | D:8      | Reached ** piety under Okawaru
  6931 | D:8      | Found a transporter.
  6948 | D:8      | Found a transporter.
  7127 | D:8      | Found a transporter.
  7163 | D:8      | Found a transporter.
  7437 | D:9      | Noticed Erolcha
  7446 | D:9      | Killed Erolcha
  7447 | D:9      | Reached skill level 12 in Long Blades
  7447 | D:9      | Reached XP level 10. HP: 69/88 MP: 3/9
  7458 | D:9      | Reached *** piety under Okawaru
  7459 | D:9      | Noticed Joseph
  7483 | D:9      | HP: 1/88 [Joseph/+0 quarterstaff (7)]
  7483 | D:9      | Mangled by a killer bee

Illustrated notes

Levels and vault maps discovered:
D:1:      kennysheep_arrival_seaside, layout_loops_cross, serial_shops,
          nicolae_shop_advertising_works [nicolae_subvault_shop_adworks],
          hangedman_decor_points
D:2:      layout_rooms, shapermc_ecumenical_altar_rom_forum, serial_shops, shop,
          nicolae_square_shop, shop, shop, nicolae_shop_back_alley_shop,
          hex_intersection, uniq_robin
D:3:      layout_basic, nicolae_vehumet_altar_sigil, serial_shops,
          nicolae_shop_pleasant_corner_grove, shop, shop,
          nicolae_book_shop_shelving, nicolae_shop_getting_attention
D:4:      layout_basic, mainiacjoe_overflow_small_starburst, minmay_quantized,
          uniq_pikel, uniq_menkaure
D:5:      layout_loops_ring, hangedman_abyss_or_decor_stabs,
          dreamdust_princess_corridor, doesnt_shop_hydraphobe, uniq_grinder,
          uniq_eustachio
D:6:      layout_loops_corners, trog_wizard, grunt_temple_overflow_open,
          minmay_temple_entry_enclosed_plants, ebering_ghost_disaster_area
D:7:      layout_loops_cross, gammafunk_ghost_icy, uniq_crazy_yiuf_cottage
D:8:      layout_loops_cross, gammafunk_temple_overflow_arena, serial_rivers,
          chequers_serial_rivers_micro_d, chequers_serial_rivers_micro_b,
          chequers_serial_rivers_micro_a, chequers_serial_rivers_large_a,
          chequers_serial_rivers_small_a, chequers_serial_rivers_micro_c,
          nicolae_transporter_intersection
D:9:      layout_loops_ring, mainiacjoe_overflow_alcove_1, bloody_makhleb,
          hangedman_decor_clover_reticule, uniq_joseph, uniq_erolcha

Skill      XL: |  1  2  3  4  5  6  7  8  9 10 |
---------------+-------------------------------+-----
Fighting       | 4 5 6 7 8 |  8.0
Shields        | 4 5 6 |  6.7
Armour         | 4 5 6 7 8 9 |  9.1
Long Blades    | 3 5 7 9 12 | 12.3
Dodging        | 2 3 |  3.0
Stealth        | 1 |  1.2

Action                     |  1- 3 |  4- 6 |  7- 9 | 10-12 || total
---------------------------+-------+-------+-------+-------++-------
  Melee: Long sword        |    45 |   104 |   317 |    28 ||   494
         Headbutt          |     4 |    15 |    50 |     6 ||    75
 Invoke: Heroism           |       |       |       |     1 ||     1
  Evoke: Wand              |       |       |     1 |       ||     1
    Use: Potion            |       |       |     1 |       ||     1
 Armour: Scale mail        |    46 |    62 |    20 |       ||   128
         Plate armour      |       |       |   133 |    26 ||   159
  Dodge: Dodged            |    43 |    48 |    95 |    18 ||   204
  Block: Buckler           |    13 |    28 |    63 |    13 ||   117
